Map: Site Delta LE

Players

haryelefant

  • Race: Zerg Zerg
  • League: Platinum
  • Spawn Location: 11:00

Subwayeatn - Winner!

  • Race: Zerg Zerg
  • League: Platinum
  • Spawn Location: 5:00

VOD

Have the link to the VOD?

Description

Time

  • Played on: Nov. 3, 2023, 2:25 p.m.
  • Length: 4:48
Show
View Real Time Build Order
Export as new Build Order

haryelefant Zerg 

Build Orders: Hatch First 

Get SALT Encoding   

  12  0:00  Drone  
  13  0:13  Overlord  
  13  0:24  Drone  
  14  0:31  Drone  
  14  0:32  Drone  
  16  0:42  Drone  
  17  0:53  Hatchery  
  17  0:56  Drone  
  17  0:59  Drone  
  18  1:11  Extractor  
  17  1:15  Spawning Pool  
  17  1:18  Drone  
  17  1:21  Drone  
  18  1:42  Drone x2  
  20  1:51  Drone  
  21  2:01  Drone  
  21  2:04  Queen  
  21  2:05  Queen, Overlord  
  26  2:16  Extractor  
  26  2:18  Drone  
  26  2:19  Drone, Roach Warren  
  26  2:23  Drone  
  26  2:27  Zergling x2  
  28  2:40  Queen  
  30  2:44  Lair  
  30  2:48  Evolution Chamber  
  29  2:57  Zergling x4  
  29  2:58  Zergling x2  
  29  3:10  Roach x2  
  26  3:20  Roach x2  
  25  3:28  Roach  
  22  3:47  Roach  
  21  4:01  Drone  
  21  4:02  Drone  
  23  4:11  Overlord  
  23  4:14  Drone  
Show
View Real Time Build Order
Export as new Build Order

Subwayeatn Zerg - Winner!

Build Orders: Pool First 

Get SALT Encoding   

  12  0:00  Drone  
  13  0:09  Drone  
  13  0:12  Extractor  
  13  0:28  Spawning Pool  
  12  0:58  Hatchery  
  11  1:14  Queen  
  13  1:33  Metabolic Boost  
  13  1:37  Overlord  
  13  1:42  Zergling x2  
  14  1:56  Zergling x4  
  16  2:02  Zergling x2  
  17  2:10  Queen  
  19  2:15  Zergling x2  
  19  2:20  Zergling x2  
  21  2:32  Zergling x4  
  21  2:33  Zergling x2  
  24  2:41  Zergling x2  
  24  2:43  Zergling x2  
  26  2:48  Zergling x2  
  27  2:53  Zergling x2  
  26  3:14  Zergling x2  
  26  3:15  Zergling x2  
  24  3:42  Zergling x8  
  23  4:11  Overlord  
  23  4:25  Drone x4  
Tags
 
Add a new tag
Caveats
  • Supply blocks, unpowered buildings, or Contaminate may cause inaccurate times.
  • Supply counts are checked every 10 seconds.